 Dungeon Crawl Stone Soup version 0.31-a0-236-g9a0961fb85 (webtiles) character file.

Game seed: 13162253225850923517

406 qw the Shooter (level 6, 0/37 HPs)
             Began as a Gargoyle Hexslinger on July 10, 2023.
             Slain by a sky beast (2 damage)
             ... on level 6 of the Dungeon.
             The game lasted 00:01:02 (2952 turns).

qw the Shooter (Gargoyle Hexslinger)                Turns: 2952, Time: 00:01:02

Health: 0/37       AC:  8    Str: 12    XL:     6   Next: 87%
Magic:  7/7        EV: 11    Int: 13    God:
Gold:   32         SH:  0    Dex: 14    Spells: 6/7 levels left

rFire   . . .        d - +4 orcbow
rCold   . . .        (shield currently unavailable)
rNeg    + . .        k - +0 leather armour
rPois   inf          (no helmet)
rElec   +            (no cloak)
rCorr   .            (no gloves)
SInv    .            h - +0 pair of boots
Will    .....        (no amulet)
Stlth   +            (no ring)
HPRegen 0.26/turn    (no ring)
MPRegen 0.10/turn

%: no passive effects
@: about to teleport
A: sickness immunity, AC +4, negative energy resistance 1, electricity
resistance, torment resistance 1, petrification resistance
a: no special abilities


You were on level 6 of the Dungeon.
You visited 1 branch of the dungeon, and saw 5 of its levels.

You collected 169 gold pieces.
You spent 137 gold pieces at shops.


Innate Abilities, Weirdness & Mutations

You are immune to sickness and miasma.
Your stone body is resilient. (AC +4)
You are immune to poison.
You resist negative energy. (rN+)
You are resistant to electric shocks. (rElec)
You are resistant to unholy torment.
You are immune to petrification.


   Skills:
 + Level 3.2 Fighting
 - Level 6.0 Ranged Weapons
 - Level 2.3 Armour
 - Level 1.5 Dodging
 - Level 1.0 Spellcasting
 - Level 2.6 Hexes


You had 6 spell levels left.
You knew the following spells:

 Your Spells              Type           Power      Damage    Failure   Level
a - Slow                  Hex            28%        N/A       12%         1

Your spell library contained the following spells:

 Spells                   Type           Power      Damage    Failure   Level
 Inner Flame              Hex/Fire       4%         N/A       52%         3
 Portal Projectile        Hex/Tloc       8%         N/A       52%         3
 Cause Fear               Hex            3%         N/A       75%         4

Inventory:

Hand Weapons
 d - a +4 orcbow (weapon)
Armour
 h - a +0 pair of boots (worn)
 k - a +0 leather armour (worn)
Scrolls
 g - 2 scrolls of teleportation
 j - a scroll of identify
Potions
 a - 2 potions of haste
 b - a potion of heal wounds {unknown}
 c - a potion of degeneration {unknown}
 e - 4 potions of curing
 f - a potion of cancellation {unknown}
 i - a potion of mutation {unknown}

Dungeon Overview and Level Annotations

Branches:
Dungeon (6/15)             Temple (0/1) D:6

Altars:
Uskayaw

Shops:
D:6 ?


Message History

d - a +4 orcbow (weapon)
2929 ||| DROPPING +0 orcbow of electrocution.
You drop a +0 orcbow of electrocution.
You see here 4 stones.
You hear the hiss of an avalanche of sand nearby.
Found a book of Changes.
Found a staircase to the Ecumenical Temple.
Enter note: You see here a +0 scale mail of fire resistance.
Enter note: A centaur comes into view.
The centaur shouts!
The centaur wields a +0 shortbow.
The centaur shoots an arrow.
The arrow hits you.
A sky beast comes into view.
The centaur shoots an arrow.
The arrow hits you.
Enter note: You shoot an arrow.
The arrow barely misses the sky beast.
The centaur shoots an arrow.
The arrow hits you!
The sky beast flickers out of sight!
Deactivating autopickup; reactivate with Ctrl-A.
You shoot an arrow. The arrow barely misses the centaur.
The centaur shoots an arrow.
The arrow barely misses you.
You shoot an arrow. The arrow hits the centaur!
The centaur is heavily wounded.
Something hits you but does no damage.
The centaur shoots an arrow.
The arrow hits you.
You shoot an arrow. The arrow hits the centaur!
The centaur is almost dead.
The centaur shoots an arrow.
The arrow closely misses you. Something hits you. Something shocks you.
You resist.
A black bear comes into view.
The centaur shoots an arrow.
The arrow hits you.
2952 ||| READING 3 scrolls of teleportation.
As you read the scroll of teleportation, it crumbles to dust.
You feel strangely unstable.
The black bear growls angrily.
The centaur shoots an arrow.
The arrow hits you but does no damage. Something hits you.
You die...

#.# # ##.##.# .. .... .#
########.###### ..##
##.............# .....
..(####...####.####...#h
...####......#..........
.)...............{...c..
........~~~~~...@.......
......~~~~~~~~~[:.....#.
....~~~~~~~~~~~~~.......
#..~~~~~~~~~~~~~~~....#.
##.~~~~~~...~~~~~~....#
##.~~~~~~.>.~~~~~~....#
...~~~~~~...~~~~~~......
##..~~~~~~~~~~~~~..##.##
##....~~~~~~~~~..... ..


You could see a black bear and a centaur.

Vanquished Creatures
  Menkaure (D:4)
  A centaur (D:6)
  An orc priest (D:3)
  An iguana (D:4)
  Ijyb (D:4)
  An orc wizard (D:3)
  2 adders (D:2)
  A worm (D:2)
  A dart slug (D:1)
  2 orcs (D:3)
  9 ball pythons
  8 endoplasms
  2 giant cockroaches (D:1)
  8 goblins
  6 hobgoblins
  5 jackals
  6 bats
  6 frilled lizards
  8 kobolds
  4 rats
74 creatures vanquished.

Notes
Turn   | Place    | Note
-------+----------+-------------------------------------------
     0 | D:1      | qw the Gargoyle Hexslinger began the quest for the Orb.
     0 | D:1      | Reached XP level 1. HP: 12/12 MP: 2/2
     0 | D:1      | 0 ||| qw: Version: 0.3-a-52-g30416fa
     0 | D:1      | 0 ||| qw: Game counter: 4606
     0 | D:1      | 0 ||| qw: Melee chars always use a shield: true
     0 | D:1      | 0 ||| qw: God list: Okawaru
     0 | D:1      | 0 ||| qw: Allow faded altars: false
     0 | D:1      | 0 ||| qw: Do Orc after clearing Dungeon:15 true
     0 | D:1      | 0 ||| qw: Do second Lair branch before Depths: true
     0 | D:1      | 0 ||| qw: Lair rune preference: random
     0 | D:1      | 0 ||| qw: Goals: Normal
     0 | D:1      | 0 ||| PLANNING D:1-11
   118 | D:1      | Reached XP level 2. HP: 16/16 MP: 3/3
   151 | D:1      | 151 ||| SWAPPING to +0 orcbow of flaming.
   152 | D:1      | 152 ||| DROPPING +1 sling.
   252 | D:1      | Reached skill level 3 in Ranged Weapons
   423 | D:1      | Reached XP level 3. HP: 18/21 MP: 4/4
   788 | D:1      | 788 ||| READING scroll labelled EXTIHO YWKIQYET.
   789 | D:1      | 789 ||| READING scroll labelled NUCAPI BEPRAME.
   792 | D:1      | 792 ||| READING scroll labelled VIZUMU DAECA.
   793 | D:1      | 793 ||| DROPPING scroll of poison.
  1208 | D:2      | Reached XP level 4. HP: 26/26 MP: 5/5
  1265 | D:2      | Reached skill level 4 in Ranged Weapons
  1626 | D:2      | 1626 ||| READING 2 scrolls labelled NYPPETRORAN.
  1627 | D:2      | 1627 ||| READING 2 scrolls labelled QYASIU IRYTA.
  1628 | D:2      | 1628 ||| DRINKING 2 fuming puce potions.
  1629 | D:2      | 1629 ||| DRINKING 2 glowing golden potions.
  1695 | D:2      | 1695 ||| DRINKING 2 cyan potions.
  1696 | D:2      | 1696 ||| DRINKING 2 fuming ruby potions.
  1697 | D:2      | 1697 ||| DROPPING potion of lignification.
  1698 | D:2      | 1698 ||| DROPPING potion of brilliance.
  1699 | D:2      | 1699 ||| DROPPING scroll of immolation.
  1959 | D:3      | Reached skill level 5 in Ranged Weapons
  1959 | D:3      | Reached XP level 5. HP: 13/30 MP: 6/6
  2151 | D:3      | Found a hide-covered altar of Uskayaw.
  2490 | D:3      | 2490 ||| UPGRADING to +0 pair of boots.
  2495 | D:3      | 2495 ||| UPGRADING to +0 leather armour.
  2505 | D:3      | 2505 ||| DROPPING +0 robe.
  2506 | D:3      | 2506 ||| READING scroll labelled ASKIHIP HEECK.
  2507 | D:3      | 2507 ||| READING scroll labelled NOUNOE NOPSOO.
  2508 | D:3      | 2508 ||| READING scroll labelled KEINTOY JOYGH.
  2517 | D:4      | Noticed Ijyb
  2520 | D:4      | Paralysed by Ijyb for 4 turns
  2525 | D:4      | Paralysed by Ijyb for 4 turns
  2532 | D:4      | Paralysed by Ijyb for 2 turns
  2538 | D:4      | 2538 ||| STAIRDANCE
  2538 | D:4      | Paralysed by Ijyb for 2 turns
  2542 | D:4      | Killed Ijyb
  2543 | D:4      | Reached skill level 3 in Fighting
  2751 | D:4      | Noticed Menkaure
  2756 | D:4      | Killed Menkaure
  2757 | D:4      | Reached skill level 6 in Ranged Weapons
  2757 | D:4      | Reached XP level 6. HP: 37/37 MP: 7/7
  2767 | D:4      | 2767 ||| Stepping ~*~*~tactically~*~*~ (water).
  2784 | D:4      | You fall into a shaft and drop 2 floors!
  2800 | D:6      | Found Plog's Magic Scroll Boutique.
  2801 | D:6      | 2801 ||| PLANNING OSSUARY
  2810 | D:6      | 2810 ||| BUYING scroll of brand weapon (104 gold).
  2810 | D:6      | Bought a scroll of brand weapon for 104 gold pieces
  2810 | D:6      | 2810 ||| SHOPLISTING scroll of enchant armour (82 gold,
                  | have 55).
  2810 | D:6      | 2810 ||| BUYING scroll of teleportation (33 gold).
  2810 | D:6      | Bought a scroll of teleportation for 33 gold pieces
  2810 | D:6      | 2810 ||| READING scroll of brand weapon.
  2810 | D:6      | 2810 ||| BRANDING +0 orcbow of flaming.
  2928 | D:6      | 2928 ||| SWAPPING to +4 orcbow.
  2929 | D:6      | 2929 ||| DROPPING +0 orcbow of electrocution.
  2941 | D:6      | Found a staircase to the Ecumenical Temple.
  2947 | D:6      | Noticed a sky beast
  2951 | D:6      | HP: 8/37 [something (3)]
  2951 | D:6      | Noticed a black bear
  2951 | D:6      | HP: 2/37 [centaur/arrow (5)]
  2952 | D:6      | 2952 ||| READING 3 scrolls of teleportation.
  2952 | D:6      | Slain by a sky beast

Levels and vault maps discovered:
D:1:      kennysheep_arrival_forest, layout_basic, minmay_heptomino_w4
D:2:      layout_basic, dk_vineyard_1
D:3:      layout_loops_ring, mainiacjoe_overflow_boulevard
D:4:      layout_loops_ring, gammafunk_temple_overflow_elements,
          kennysheep_generic_room_2, uniq_menkaure, uniq_ijyb
D:6:      layout_loops_cross, chequers_temple_overflow_minitemple,
          temple_pool_b, serial_shops, nicolae_stop_n_shop_1,
          nicolae_ossuary_entry_catacombs

Skill      XL: |  1  2  3  4  5  6 |
---------------+-------------------+-----
Ranged Weapons | 3 5 6 |  6.0
Fighting       | 2 3 |  3.2
Armour         | 2 |  2.3
Dodging        | |  1.5
Spellcasting   | |  1.0
Hexes          | |  2.6

Action                     |  1- 3 |  4- 6 || total
---------------------------+-------+-------++-------
   Fire: Sling             |    20 |       ||    20
         Orcbow            |   105 |    89 ||   194
    Use: Scroll            |     3 |     7 ||    10
         Potion            |       |     4 ||     4
 Armour: Robe              |    19 |     8 ||    27
         Leather armour    |       |     7 ||     7
  Dodge: Dodged            |    46 |    34 ||    80

Table legend:
 A = Non-vault XP
 B = Vault XP
 C = Vault XP percentage of total XP
 D = Non-vault monster count
 E = Vault monster count
 F = Vault count percentage of total count
                 A         B        C        D         E       F
            +---------+---------+-------+---------+---------+-------
      Total |     360 |     220 |  37.9 |      65 |       9 |  12.2
            +---------+---------+-------+---------+---------+-------
        D:1 |      43 |      10 |  18.9 |      27 |       6 |  18.2
        D:2 |      56 |       0 |   0.0 |      19 |       0 |   0.0
        D:3 |     105 |       0 |   0.0 |      16 |       0 |   0.0
        D:4 |      41 |     210 |  83.7 |       2 |       3 |  60.0
        D:6 |     115 |       0 |   0.0 |       1 |       0 |   0.0
            +---------+---------+-------+---------+---------+-------
